 Dungeon Crawl Stone Soup version 0.29.0-7-g18a832c13a (webtiles) character file.

Game seed: 4126930305715067745

3453 Ijustatesigmund the Fighter (level 10, -3/66 HPs)
             Began as a Gargoyle Fighter on Aug 30, 2022.
             Was a Priest of Cheibriados.
             Killed by divine providence
             ... invoked by a meliai
              (13 damage)
             ... on level 8 of the Dungeon.
             The game lasted 00:14:42 (9926 turns).

Ijustatesigmund the Fighter (Gargoyle Fighter)      Turns: 9926, Time: 00:14:43

Health: -3/66      AC: 24    Str: 28    XL:     10   Next: 6%
Magic:  15/15      EV: 12    Int: 19    God:    Cheibriados [***...]
Gold:   122        SH:  5    Dex: 16    Spells: 9/9 levels left

rFire   + . .      SeeInvis .   a - +1 flail (protect)
rCold   . . .      Faith    .   c - +0 buckler
rNeg    + . .      Spirit   .   B - +0 chain mail {rF+}
rPois   ∞          Reflect  .   (no helmet)
rElec   +          Harm     .   x - +0 cloak
rCorr   .          Rampage  .   k - +1 pair of gloves
Will    .....                   i - +1 pair of boots
Stlth   ..........              (no amulet)
HPRegen 0.21/turn               e - +4 ring of evasion
MPRegen 0.14/turn               (no ring)

@: very slow
A: sickness immunity, AC +7, negative energy resistance 1, electricity
resistance, torment resistance 1, petrification resistance
a: Renounce Religion, Bend Time, Temporal Distortion


You were on level 8 of the Dungeon.
You worshipped Cheibriados.
Cheibriados was most pleased with you.
You visited 1 branch of the dungeon, and saw 8 of its levels.
You also visited: Ossuary.

You collected 384 gold pieces.
You spent 262 gold pieces at shops.

Inventory:

Hand Weapons
 a - a +1 flail of protection (weapon)
 m - the +3 whip of Recklessness {drain, Str+2 Int+3 SInv Stlth+}
   (You found it on level 7 of the Dungeon)

   A truly terrible weapon, it drains the life of any living foe it strikes.
   Str:       It affects your strength (+2).
   Int:       It affects your intelligence (+3).
   SInv:      It lets you see invisible.
   Stlth:     It makes you more stealthy.
 z - a +0 flail
Missiles
 t - a throwing net (quivered)
Armour
 c - a +0 buckler (worn)
 i - a +1 pair of boots (worn)
 k - a +1 pair of gloves (worn)
 x - a +0 cloak (worn)
 B - a +0 chain mail of fire resistance (worn)
Magical Staves
 r - a staff of poison
Jewellery
 e - a +4 ring of evasion (left hand)
 y - a ring of magical power
Wands
 p - a wand of mindburst (14)
 v - a wand of flame (9)
Scrolls
 b - a scroll of identify
 f - 3 scrolls of amnesia
 h - a scroll of poison
 o - 6 scrolls of teleportation
 u - a scroll of fear
 w - a scroll of magic mapping
 A - a scroll of torment {unknown}
Potions
 d - a potion of magic
 g - 2 potions of curing
 j - a potion of cancellation
 l - 3 potions of lignification
 n - 2 potions of might
 q - a potion of flight
 s - 2 potions of brilliance {unknown}


   Skills:
 + Level 9.0 Fighting
 + Level 7.8 Maces & Flails
 + Level 7.8 Armour
 - Level 3.2 Shields
 + Level 6.8 Invocations


You had 9 spell levels left.
You didn't know any spells.
Your spell library contained the following spells:

 Spells                   Type           Power      Damage    Failure   Level
 Apportation              Tloc           0%         N/A       77%         1
 Beastly Appendage        Tmut           0%         N/A       77%         1
 Foxfire                  Conj/Fire      0%         2x1d4     77%         1
 Necrotise                Necr           0%         1d4       77%         1
 Summon Small Mammal      Summ           0%         N/A       77%         1
 Wereblood                Tmut           0%         N/A       88%         2
 Conjure Flame            Conj/Fire      0%         6-21      98%         3
 Inner Flame              Hex/Fire       0%         N/A       98%         3
 Spider Form              Tmut/Pois      0%         N/A       98%         3
 Flame Wave               Conj/Fire      0%         2d4       100%        4
 Alistair's Intoxication  Tmut/Pois      0%         N/A       100%        5


Dungeon Overview and Level Annotations

Branches:
Dungeon (8/15)             Temple (0/1) D:6         Ossuary (visited)
   Lair: D:8-11

Altars:
Cheibriados
Elyvilon
Fedhas
Hepliaklqana
Nemelex Xobeh
Qazlal
Xom
Yredelemnul
Zin

Shops:
D:1 *   D:6 (   D:7 [

Annotations:
D:5 2 runed translucent doors


Innate Abilities, Weirdness & Mutations

You are immune to sickness and miasma.
Your stone body is resilient. (AC +7)
You are immune to poison.
You resist negative energy. (rN+)
You are resistant to electric shocks. (rElec)
You are resistant to unholy torment.
You are immune to petrification.


Message History

The howler monkey hits you but does no damage.
You sock the howler monkey!
You kill the howler monkey!
Cheibriados thoroughly appreciates the change of pace.
The meliai hits you with a +2 war axe of electrocution.
The meliai stings you!
Your Fighting skill increases to level 9!
You closely miss the meliai.
The meliai hits you with a +2 war axe of electrocution.
The meliai closely misses you. The meliai hits you but does no damage.
The meliai stings you but does no damage.
You closely miss the meliai. The meliai hits you but does no damage.
You block the meliai's attack.
A bullfrog comes into view.
The howler monkey hoots and howls with incredible vigour!
The meliai misses you. You block the meliai's attack.
The bullfrog croaks.
You hear an angry buzzing noise.
You hear a bellow!
You closely miss the meliai. The meliai hits you but does no damage.
The meliai stings you but does no damage.
The meliai hits you with a +2 war axe of electrocution.
The meliai stings you but does no damage.
You miss the meliai. The meliai completely misses you.
The meliai stings you but does no damage.
The meliai hits you with a +2 war axe of electrocution.
The meliai closely misses you.
Aiming: Mindburst
Press: ? - help, Shift-Dir - straight line, f - meliai
Aim: a meliai, wielding a +2 war axe of electrocution and wearing a +0 leather armour (chance to affect: 64%)
The meliai's mind is blasted!!
The meliai closely misses you. The meliai stings you.
The meliai calls down the wrath of its god upon you.
Something smites you!
* * * LOW HITPOINT WARNING * * *
You closely miss the meliai.
The meliai is almost dead.
You block the meliai's attack. The meliai stings you!
* * * LOW HITPOINT WARNING * * *
The meliai invokes the aid of its god against you.
Something smites you!
You die...

♣.♣ ### #.# #.#
♣♣♣♣♣.♣♣♣♣♣
..#♣♣♣.........♣♣♣
#.#...............
#.#♣♣♣...h.....♣♣♣
#.# ♣♣♣♣♣.♣♣♣♣♣
#.########F#########
#.........hOy@.....#
#.####...#####..##.#
#.##...........##
#.##.#########.#
#.##.# .# ####.##.#
.# ......#.# .#
###.#.#># .# #.#.#.#


You could see a two-headed ogre, a meliai, a bullfrog and a howler monkey.

Vanquished Creatures
  A cyclops (D:7)
  Menkaure (D:7)
  2 water moccasins (D:6)
  A black bear (D:7)
  An ice beast (D:7)
  A sky beast (D:7)
  6 ogres
  A phantom (D:5)
  3 kobold brigands
  4 bullfrogs
  2 scorpions
  A wyvern zombie (D:6)
  3 wights (D:7)
  6 electric eels (D:6)
  2 howler monkeys (D:8)
  A bullfrog zombie (D:6)
  3 hounds
  3 jellies
  2 orc priests
  2 iguanas
  Jessica (D:2)
  12 mummies (Ossuary)
  3 gnolls (D:5)
  9 adders
  2 shadow imps (D:5)
  A white imp (D:7)
  3 worms
  4 dart slugs
  13 orcs
  A bat (D:3)
  5 endoplasms
  5 giant cockroaches
  8 goblins
  5 hobgoblins
  4 jackals (D:1)
  16 kobolds
  6 quokkas
  6 ball pythons
  2 frilled lizards
  A gnoll skeleton (Ossuary)
  A goblin skeleton (Ossuary)
  2 goblin zombies (D:5)
  4 kobold skeletons (Ossuary)
  2 orc skeletons (Ossuary)
  7 rats
  11 rat skeletons (Ossuary)
180 creatures vanquished.

Vanquished Creatures (others)
  8 plants
8 creatures vanquished.

Grand Total: 188 creatures vanquished

Notes
Turn   | Place    | Note
-------+----------+-------------------------------------------
     0 | D:1      | Ijustatesigmund the Gargoyle Fighter began the quest for
                  | the Orb.
     0 | D:1      | Reached XP level 1. HP: 14/14 MP: 1/1
   327 | D:1      | Found Tibronof's Assorted Antiques.
   492 | D:1      | Reached XP level 2. HP: 13/19 MP: 2/2
  1092 | D:1      | Found a faded altar of an unknown god.
  1141 | D:1      | Reached XP level 3. HP: 21/24 MP: 3/3
  1358 | D:2      | Reached skill level 4 in Fighting
  1488 | D:2      | Reached XP level 4. HP: 29/30 MP: 4/4
  1493 | D:2      | Noticed Jessica
  1515 | D:2      | Killed Jessica
  2174 | D:3      | Reached XP level 5. HP: 34/34 MP: 5/5
  2229 | D:3      | Found a sparkling altar of Nemelex Xobeh.
  2418 | D:3      | Reached skill level 5 in Fighting
  2504 | D:3      | Found a white marble altar of Elyvilon.
  3231 | D:4      | Reached XP level 6. HP: 35/40 MP: 6/6
  3283 | D:4      | Found a snail-covered altar of Cheibriados.
  3287 | D:4      | Became a worshipper of Cheibriados the Contemplative
  3770 | D:4      | Found a glowing silver altar of Zin.
  3800 | D:4      | Reached skill level 1 in Invocations
  4144 | D:1      | Bought a scroll labelled LEOCAM BAXKO for 26 gold pieces
  4144 | D:1      | Bought a scroll labelled BETEV GEGOR for 26 gold pieces
  4315 | D:5      | Entered Level 5 of the Dungeon
  4607 | D:5      | Reached skill level 6 in Fighting
  4607 | D:5      | Reached skill level 5 in Maces & Flails
  4607 | D:5      | Reached XP level 7. HP: 29/46 MP: 8/8
  4666 | D:5      | Found a sand-covered staircase.
  4673 | Ossuary  | Entered an ossuary
  5329 | Ossuary  | Reached * piety under Cheibriados
  5820 | D:5      | Found a runed translucent door.
  5836 | D:5      | Reached XP level 8. HP: 45/52 MP: 10/10
  5880 | D:5      | Found a runed translucent door.
  5933 | D:5      | Reached skill level 5 in Armour
  6135 | D:5      | Found a hazy altar of Hepliaklqana.
  6136 | D:5      | Found a shimmering altar of Xom.
  6137 | D:5      | Noticed a spectral ugly thing
  6277 | D:5      | Reached ** piety under Cheibriados
  6471 | D:6      | Reached skill level 7 in Fighting
  7695 | D:6      | Reached XP level 9. HP: 42/57 MP: 12/12
  7791 | D:6      | Reached skill level 5 in Invocations
  7951 | D:6      | Found Herijy's Weapon Shoppe.
  8060 | D:6      | Found a basalt altar of Yredelemnul.
  8128 | D:6      | Reached skill level 8 in Fighting
  8278 | D:6      | Found a blossoming altar of Fedhas.
  8331 | D:6      | Found a staircase to the Ecumenical Temple.
  8623 | D:7      | Reached *** piety under Cheibriados
  8889 | D:7      | Noticed a cyclops
  8903 | D:7      | Killed a cyclops
  9169 | D:7      | Identified the +3 whip of Recklessness {drain, Str+2 Int+3
                  | SInv Stlth+}
  9458 | D:7      | Found Queff's Antique Armour Boutique.
  9467 | D:7      | Bought a runed chain mail for 210 gold pieces
  9585 | D:7      | Noticed Menkaure
  9594 | D:7      | Killed Menkaure
  9595 | D:7      | Reached XP level 10. HP: 65/65 MP: 14/14
  9749 | D:7      | Found a stormy altar of Qazlal.
  9907 | D:8      | Noticed a two-headed ogre
  9921 | D:8      | Reached skill level 9 in Fighting
  9926 | D:8      | Killed from afar by a meliai

Illustrated notes

Levels and vault maps discovered:
D:1:      erik_arrival_cave_to_civilisation [erik_arrival_cave_to_hall],
          layout_basic, serial_shops, shop, chequers_ecumenical_altar_island
D:2:      layout_loops_cross, uniq_jessica
D:3:      layout_rooms, nicolae_overflow_crystal_walls,
          nemelex_spade_bored_becter, kennysheep_generic_room_4
D:4:      layout_basic, mainiacjoe_overflow_swirl
D:5:      lemuel_insect_pit, layout_basic, regret_index_temple_of_mockery,
          enter_ossuary_4
D:6:      cheibrodos_two_vegetables, layout_loops_ring,
          lemuel_zombie_altar_yredelemnul, lemuel_round_altar,
          minmay_temple_entry_trees, serial_shops,
          nicolae_shop_advertising_works [nicolae_subvault_shop_adworks],
          nicolae_underground_beach
D:7:      layout_loops_cross, lemuel_round_altar, serial_shops,
          nicolae_stop_n_shop_2, minmay_misc_feat_plants, uniq_menkaure
D:8:      nzn_winding_woodlands_cross [nzn_winding_woodlands_5x15_parted,
          nzn_winding_woodlands_5x15_default, nzn_winding_woodlands_5x15_cabin,
          nzn_winding_woodlands_5x15_pathside_ponds,
          nzn_winding_woodlands_15x15_eel_pit], layout_loops_ring,
          water_boxes_lemuel

Skill      XL: |  1  2  3  4  5  6  7  8  9 10 |
---------------+-------------------------------+-----
Fighting       | 4 5 6 7 8 9 |  9.0
Maces & Flails | 3 4 5 6 7 |  7.8
Invocations    | 2 3 4 6 |  6.8
Armour         | 4 6 7 |  7.8
Shields        | |  3.2

Action                   |  1- 3 |  4- 6 |  7- 9 | 10-12 || total
-------------------------+-------+-------+-------+-------++-------
Melee: Flail             |    98 |   236 |   412 |    21 ||   767
Evoke: Wand              |       |       |    10 |     1 ||    11
  Use: Scroll            |     6 |     8 |     7 |       ||    21
       Potion            |       |     3 |     5 |       ||     8
Armor: Scale mail        |    77 |   101 |   144 |       ||   322
       Chain mail        |       |       |     3 |    17 ||    20
Dodge: Dodged            |    64 |   161 |   209 |    14 ||   448
Block: Buckler           |    23 |    54 |    72 |     9 ||   158
